Map: Dusk Towers

Players

TerranOP - Winner!

  • Race: Terran Terran
  • League: Platinum

LilDicky

  • Race: Terran Terran
  • League: Platinum

VOD

http://www.twitch.tv/tumescentpie

Description

Time

  • Played on: Nov. 21, 2015, 4:35 p.m.
  • Length: 6:40
Show
View Real Time Build Order
Export as new Build Order

TerranOP Terran - Winner!

Build Orders: 1/1/1, Banshee Rush 

Get SALT Encoding   

  12  0:01  SCV  
  13  0:13  SCV  
  14  0:18  Supply Depot  
  14  0:25  SCV  
  15  0:30  Refinery  
  15  0:39  SCV  
  16  0:45  Barracks  
  16  0:52  SCV  
  17  1:04  SCV  
  18  1:16  SCV  
  19  1:29  Refinery  
  19  1:32  Factory, Orbital Command  
  19  1:33  Marine  
  20  1:46  Supply Depot  
  20  1:51  Barracks Tech Lab  
  20  1:58  SCV  
  21  2:10  SCV  
  22  2:16  Marine  
  22  2:17  Hellion, Starport  
  25  2:22  SCV  
  25  2:28  Supply Depot  
  26  2:35  SCV  
  26  2:36  Barracks Reactor  
  27  2:38  Hellion  
  29  2:47  SCV  
  30  2:54  Banshee  
  30  2:57  Cloaking Field  
  33  2:59  SCV  
  33  3:04  Supply Depot  
  34  3:09  Widow Mine  
  36  3:14  SCV  
  36  3:17  Marine x2  
  39  3:27  Supply Depot  
  37  3:36  Marine x2  
  37  3:39  Raven  
  41  3:44  SCV  
  42  3:54  Command Center  
  42  3:59  SCV  
  42  4:00  Factory Tech Lab, Marine  
  42  4:02  Marine  
  45  4:11  SCV  
  46  4:18  Marine  
  46  4:21  Marine  
  46  4:23  SCV  
  49  4:29  Supply Depot  
  49  4:33  Siege Tank  
  49  4:35  SCV  
  53  4:47  SCV  
  53  4:50  Viking x2, Marine  
  59  4:57  Supply Depot  
  59  5:09  Marine  
  60  5:22  SCV, Orbital Command  
  60  5:27  Marine  
  62  5:34  SCV  
  63  5:43  Barracks x2  
  63  5:46  SCV  
  63  5:47  Starport Reactor  
  64  5:51  SCV  
  65  6:02  Supply Depot, Marine  
  65  6:03  Siege Tank  
  69  6:12  Refinery x2, Engineering Bay  
  69  6:13  SCV, Engineering Bay  
  73  6:38  Barracks Reactor  
Show
View Real Time Build Order
Export as new Build Order

LilDicky Terran 

Build Orders: Banshee Rush 

Get SALT Encoding   

  12  0:01  SCV  
  13  0:13  SCV  
  14  0:18  Supply Depot  
  14  0:26  SCV  
  15  0:39  SCV  
  15  0:41  Refinery  
  16  0:44  Barracks  
  16  0:51  SCV  
  17  1:03  SCV  
  18  1:15  SCV  
  19  1:28  SCV  
  19  1:31  Reaper  
  21  1:41  Orbital Command  
  21  1:45  Command Center  
  21  2:02  Factory  
  21  2:04  Marine  
  21  2:07  SCV  
  23  2:12  Supply Depot  
  23  2:18  Refinery  
  23  2:34  SCV, Marine  
  25  2:46  SCV, Widow Mine  
  27  2:51  Starport  
  27  2:58  SCV  
  27  3:02  Barracks Tech Lab  
  27  3:04  Supply Depot  
  27  3:05  SCV, Supply Depot  
  29  3:10  SCV  
  30  3:21  Orbital Command  
  30  3:25  SCV  
  30  3:26  Widow Mine  
  33  3:40  Supply Depot  
  33  3:48  Banshee, Cloaking Field  
  36  3:53  SCV  
  36  3:54  Widow Mine  
  39  3:59  SCV  
  39  4:00  Barracks Reactor  
  40  4:03  Engineering Bay  
  40  4:05  SCV  
  38  4:23  Refinery  
  37  4:24  SCV  
  37  4:25  Refinery  
  37  4:38  SCV, Missile Turret  
  38  4:42  Banshee  
  41  4:48  Hellion x2  
  41  4:49  SCV  
  41  4:50  SCV  
  47  5:01  SCV  
  47  5:02  SCV  
  48  5:17  Hellion  
  48  5:18  SCV x2, Hellion  
  48  5:19  Marine  
  52  5:26  Command Center  
  51  5:29  Viking  
  51  5:30  SCV  
  53  5:41  SCV  
  54  5:48  SCV  
  54  5:58  SCV, Missile Turret  
  55  6:19  SCV, Hellion x2  
Tags
 
Add a new tag
Caveats
  • Supply blocks, unpowered buildings, or Contaminate may cause inaccurate times.
  • Supply counts are checked every 10 seconds.